 Dungeon Crawl Stone Soup version 0.32-a0-401-g0bcb2a7693 (webtiles) character file.

Game seed: 3590620188803154665

13441 Ijustatesigmund the Geomancer (level 12, -3/71 HPs)
             Began as a Gargoyle Earth Elementalist on Feb 20, 2024.
             Was a Priest of Vehumet.
             Slain by Frances
             ... wielding a +0 glaive
              (23 damage)
             ... on level 12 of the Dungeon.
             The game lasted 00:27:01 (14262 turns).

Ijustatesigmund the Geomancer (GrEE)               Turns: 14262, Time: 00:27:02

Health: -3/71      AC: 20    Str: 20    XL:     12   Next: 6%
Magic:  23/23      EV: 10    Int: 21    God:    Vehumet [***...]
Gold:   127        SH: 12    Dex: 10    Spells: 17/25 levels left

rFire   . . .        D - +2 flail
rCold   . . .        r - +2 kite shield {AC+3}
rNeg    + . .        c - +1 robe "Jankay" {Str+8}
rPois   ∞            (no helmet)
rElec   +            e - +1 cloak
rCorr   .            (no gloves)
SInv    +            (no boots)
Will    .....        u - amulet of regeneration
Stlth   ++           x - +4 ring of protection
HPRegen 1.11/turn    q - ring of see invisible
MPRegen 0.18/turn

%: no passive effects
@: no status effects
A: sickness immunity, AC +8, negative energy resistance 1, electricity
resistance, torment resistance 1, petrification resistance
a: Renounce Religion


You were on level 12 of the Dungeon.
You worshipped Vehumet.
Vehumet was most pleased with you.
You visited 2 branches of the dungeon, and saw 13 of its levels.
You visited 1 bazaar.

You collected 962 gold pieces.
You spent 835 gold pieces at shops.

Inventory:

Hand Weapons
 d - a +0 morningstar
 p - a +0 antimagic demon whip
 D - a +2 flail (weapon)
Missiles
 s - a throwing net
Armour
 a - a +1 robe of fire resistance
 c - the +1 robe "Jankay" (worn) {Str+8}
   (You bought it in a shop in a bazaar)

   Str+8:     It affects your strength (+8).
 e - a +1 cloak (worn)
 r - a +2 kite shield of protection (worn)
Jewellery
 k - a ring of protection from cold
 l - a ring of fire
 q - a ring of see invisible (right hand)
 u - an amulet of regeneration (around neck)
 x - a +4 ring of protection (left hand)
 B - a ring of protection from cold
 G - an amulet of the acrobat
 K - a +6 ring of intelligence
Wands
 g - a wand of mindburst (5)
 z - a wand of iceblast (20)
 F - a wand of paralysis (9)
 I - a wand of flame (1)
 L - a wand of polymorph (8)
Scrolls
 f - 3 scrolls of enchant armour
 h - 3 scrolls of teleportation
 m - 3 scrolls of silence
 n - 2 scrolls of amnesia
 v - a scroll of fog
 y - a scroll of fear
 C - a scroll of torment
 J - a scroll of poison
Potions
 b - a potion of magic
 i - a potion of lignification
 o - 2 potions of might
 t - a potion of haste
 w - a potion of enlightenment
 A - a potion of brilliance
 E - 2 potions of ambrosia
 H - 3 potions of curing
 M - 2 potions of attraction {unknown}
Miscellaneous
 N - a phial of floods


   Skills:
 - Level 6.7 Fighting
 - Level 6.1 Maces & Flails
 - Level 1.5 Dodging
 - Level 2.1 Stealth
 - Level 9.0 Shields
 + Level 7.3 Spellcasting
 + Level 8.4 Conjurations
 + Level 5.3 Translocations
 + Level 9.9 Earth Magic
 - Level 2.0 Evocations


You had 17 spell levels left.
You knew the following spells:

 Your Spells              Type           Power      Damage    Failure   Level
a - Sandblast             Erth           98%        2d20      1%          1
b - Stone Arrow           Conj/Erth      92%        3d12      1%          3
c - Iskenderun's Mystic   Conj/Tloc      36%        2d9       2%          4

Your spell library contained the following spells:

 Spells                   Type           Power      Damage    Failure   Level
 Sticky Flame             Fire/Alch      7%         2d4       38%         4
 Static Discharge         Conj/Air       50%        3-6/arc   1%          2
 Passwall                 Erth           49%        N/A       1%          3
 Brom's Barrelling Bould  Conj/Erth      46%        2d6       1%          4
 Gell's Gravitas          Tloc           30%        N/A       5%          3
 Teleport Other           Tloc           30%        N/A       5%          3
 Summon Small Mammal      Summ           28%        N/A       17%         1
 Manifold Assault         Tloc           30%        N/A       19%         4
 Irradiate                Conj/Alch      12%        3d15      21%         5
 Petrify                  Alch/Erth      28%        N/A       22%         4
 Ensorcelled Hibernation  Hex/Ice        14%        N/A       26%         2
 Airstrike                Air            3%         2d(1-17)  38%         4
 Call Canine Familiar     Summ           7%         N/A       45%         3
 Fugue of the Fallen      Necr           7%         N/A       45%         3
 Anguish                  Hex/Necr       3%         N/A       86%         4
 Summon Blazeheart Golem  Fire/Summ      7%         N/A       86%         4
 Summon Lightning Spire   Summ/Air       7%         N/A       86%         4
 Dispersal                Tloc           15%        N/A       96%         6
 Disjunction              Tloc           15%        N/A       100%        8
 Sublimation of Blood     Necr           Unusable   N/A       N/A         2

Dungeon Overview and Level Annotations

Branches:
Dungeon (12/15)            Temple (1/1) D:7            Lair (0/5) D:11
    Orc (0/2) D:10

Altars:
Ashenzari
Cheibriados
Dithmenos
Elyvilon
Fedhas
Gozag
Hepliaklqana
Kikubaaqudgha
Makhleb
Nemelex Xobeh
Okawaru
Qazlal
Ru
Sif Muna
Trog
Uskayaw
Vehumet
Wu Jian
Xom
Yredelemnul
Zin
The Shining One
Ignis

Shops:
D:5 :

Annotations:
D:12 Frances


Innate Abilities, Weirdness & Mutations

You are immune to sickness and miasma.
Your stone body is resilient. (AC +8)
You are immune to poison.
You resist negative energy. (rN+)
You are resistant to electric shocks. (rElec)
You are resistant to unholy torment.
You are immune to petrification.


Message History

The iceblast engulfs Frances.
Frances is lightly wounded.
Frances hits you from afar with a +0 glaive.
A yak comes into view.
You thump the yak!
The yak is almost dead.
The yak gores you but does no damage.
Frances growls a series of guttural syllables.
Frances hits you from afar with a +0 glaive.
You closely miss the yak.
The yak is almost dead.
You block Frances's attack. You block the yak's attack.
You hit the yak.
You kill the yak!
Vehumet accepts your kill.
You feel your power returning.
Frances mutters in a terrible tongue.
Frances seems to speed up.
Frances hits you from afar with a +0 glaive!!
The yak gores you but does no damage.
Aiming: Paralyse
Press: ? - help, Shift-Dir - straight line, f - yak
Aim: a yak (chance to affect: 54%)
The yak suddenly stops moving!
You block Frances's attack.
The helpless yak fails to defend itself.
You hit the yak.
The yak is lightly wounded.
Frances hits you but does no damage. Frances closely misses you.
The helpless yak fails to defend itself.
You sock the yak!
The yak is heavily wounded.
Frances hits you from afar with a +0 glaive!!
Frances hits you from afar with a +0 glaive!
* * * LOW HITPOINT WARNING * * *
The hellwing swoops through the air toward you!
You block the hellwing's attack. x2
As you read the scroll of summoning, it crumbles to dust.
Wisps of shadow whirl around you...
Frances hits you from afar with a +0 glaive!!
You die...

~~~~~~~.# ~~~~~~~~##
~~~~~~~~~############
~~~~~~~~~...........#
~~~~~~~~###########.#
~~~†~~~## ###. #.#
~~~~~~.. ... #.#
#~~~~#### ####Y####.#
#.~~. #..YDY@4D.#
#.### #<.Y@###### #.
#...... ###.#.. ..
..Y ## ...Y .#...
#.....


You could see Frances (fast), a hellwing (summoned, ally target), 4 yaks and 2
friendly acid dragons.

Vanquished Creatures
  3 centaur warriors
  2 two-headed ogres
  A hell knight (D:10)
  An ugly thing (D:11)
  An unseen horror (D:11)
  2 trolls (D:10)
  4 shadows
  Sigmund (D:2)
  A wyvern (D:10)
  2 vampires (D:10)
  10 yaks
  6 fire bats (D:10)
  A steam dragon (D:9)
  3 ice beasts
  9 orc warriors
  3 black bears
  An ogre (D:4)
  13 centaurs
  2 kobold brigands
  3 bullfrogs
  6 gnoll sergeants (D:10)
  2 scorpions
  4 wights
  4 killer bees (D:9)
  6 howler monkeys
  3 electric eels (D:12)
  2 bombardier beetles
  A jelly (D:7)
  5 hounds
  4 orc priests
  4 iguanas
  A sleepcap (D:4)
  7 orc wizards
  9 adders
  A gnoll (D:4)
  3 dart slugs
  2 ribbon worms
  49 orcs
  2 ball pythons
  5 bats
  4 endoplasms
  3 giant cockroaches
  8 hobgoblins
  3 jackals (D:1)
  3 quokkas (D:4)
  4 frilled lizards
  5 goblins
  11 kobolds
230 creatures vanquished.

Vanquished Creatures (others)
  A shadow (D:9)
  A vampire (D:10)
2 creatures vanquished.

Grand Total: 232 creatures vanquished

Notes
Turn   | Place    | Note
-------+----------+-------------------------------------------
     0 | D:1      | Ijustatesigmund the Gargoyle Earth Elementalist began the
                  | quest for the Orb.
     0 | D:1      | Reached XP level 1. HP: 10/10 MP: 3/3
   103 | D:1      | Reached XP level 2. HP: 16/16 MP: 3/5
   318 | D:1      | Reached skill level 1 in Fighting
  1251 | D:2      | Reached XP level 3. HP: 20/20 MP: 4/6
  1255 | D:2      | Learned a level 3 spell: Stone Arrow
  1392 | D:2      | Noticed Sigmund
  1397 | D:2      | Killed Sigmund
  1398 | D:2      | Reached XP level 4. HP: 22/27 MP: 2/8
  1398 | D:2      | Reached XP level 5. HP: 26/31 MP: 2/9
  1585 | D:2      | Found a faded altar of an unknown god.
  2127 | D:3      | Found a glowing golden altar of the Shining One.
  2195 | D:3      | Reached skill level 5 in Earth Magic
  2195 | D:3      | Reached XP level 6. HP: 34/36 MP: 7/10
  3505 | D:4      | Reached XP level 7. HP: 41/41 MP: 10/12
  3671 | D:4      | Reached skill level 1 in Evocations
  4227 | D:5      | Entered Level 5 of the Dungeon
  4249 | D:5      | Identified the +0 quarterstaff of the Endless Knives
                  | {antimagic, *Rage Fly Str+4 Int+3}
  4575 | D:5      | Identified the +7 falchion of Urgency {freeze, *Slow rC++
                  | MP+9}
  4984 | D:5      | Reached skill level 1 in Shields
  4984 | D:5      | Reached XP level 8. HP: 48/48 MP: 10/14
  5044 | D:5      | Found Zotonyiwn's Book Shop.
  5830 | D:6      | Reached skill level 5 in Fighting
  6741 | D:7      | Found an ancient bone altar of Kikubaaqudgha.
  6820 | D:7      | Found a staircase to the Ecumenical Temple.
  6827 | Temple   | Entered the Ecumenical Temple
  6843 | Temple   | Became a worshipper of Vehumet
  6899 | D:7      | Reached skill level 5 in Shields
  6962 | D:7      | Reached XP level 9. HP: 56/56 MP: 11/15
  7117 | D:7      | Found a snail-covered altar of Cheibriados.
  7154 | D:8      | Reached skill level 1 in Maces & Flails
  7516 | D:8      | Identified the +1 pair of gloves "Duon" {rC+ rN+ Int-5}
  8069 | D:9      | Found a shimmering altar of Xom.
  8206 | D:9      | Reached * piety under Vehumet
  8206 | D:9      | Offered knowledge of Magic Dart by Vehumet.
  8302 | D:9      | Found a blossoming altar of Fedhas.
  8302 | D:9      | Found a sparkling altar of Nemelex Xobeh.
  8302 | D:9      | Found a white marble altar of Elyvilon.
  8601 | D:8      | Reached skill level 5 in Maces & Flails
  8871 | D:9      | Reached XP level 10. HP: 61/61 MP: 10/16
  9923 | D:10     | Entered Level 10 of the Dungeon
  9923 | D:10     | Noticed a two-headed ogre
  9928 | D:10     | Killed a two-headed ogre
  9929 | D:10     | Reached skill level 5 in Conjurations
 10272 | D:5      | Bought Cir Xao's Meditations on Lapidarian Distance for 336
                  | gold pieces
 10277 | D:5      | Learned a level 4 spell: Iskenderun's Mystic Blast
 10482 | D:10     | Reached skill level 1 in Translocations
 10632 | D:10     | Reached skill level 5 in Spellcasting
 10826 | D:10     | Reached ** piety under Vehumet
 10960 | D:10     | Found a staircase to the Orcish Mines.
 10971 | D:10     | Offered knowledge of Momentum Strike by Vehumet.
 11269 | D:10     | Reached XP level 11. HP: 66/66 MP: 19/19
 11284 | D:10     | Offered knowledge of Mephitic Cloud by Vehumet.
 11445 | D:10     | Noticed a centaur warrior
 11446 | D:10     | Noticed a hell knight
 11446 | D:10     | Noticed a centaur warrior
 11446 | D:10     | Noticed a centaur warrior
 11806 | D:10     | Killed a centaur warrior
 12180 | D:10     | Identified the +4 falchion of Jifehuj {heavy, *Slow +Blink
                  | Stlth+}
 12191 | D:10     | Killed a centaur warrior
 12306 | D:10     | Found a candlelit altar of Ignis.
 12306 | D:10     | Identified the staff of Luhaw {*Corrode rElec rF+ Summ Air}
 12439 | D:10     | Reached *** piety under Vehumet
 12508 | D:10     | Killed a hell knight
 12794 | D:11     | Found a flickering gateway to a bazaar.
 12809 | Bazaar   | Entered a bazaar
 12827 | Bazaar   | Found Wuufing's Armour Shop.
 12840 | Bazaar   | Found Zeotagg's Distillery.
 12871 | Bazaar   | Found Xatautui's Antique Armour Shop.
 12871 | Bazaar   | Found Jatuen's Assorted Antiques.
 12884 | Bazaar   | Bought a spiked robe for 159 gold pieces
 12884 | Bazaar   | Identified the +1 robe "Jankay" {Str+8} (You bought it in a
                  | shop in a bazaar)
 12900 | Bazaar   | Bought a garnet ring for 135 gold pieces
 12900 | Bazaar   | Bought a viscous grey potion for 24 gold pieces
 12918 | Bazaar   | Bought a +1 kite shield of protection for 181 gold pieces
 12961 | D:11     | Noticed a red ugly thing
 12969 | D:11     | Killed a red ugly thing
 13069 | D:11     | Found a staircase to the Lair.
 13122 | D:11     | Noticed a centaur warrior
 13154 | D:11     | Killed a centaur warrior
 13669 | D:11     | Noticed a two-headed ogre
 13678 | D:11     | Killed a two-headed ogre
 13679 | D:11     | Reached skill level 5 in Translocations
 13913 | D:11     | Offered knowledge of Sticky Flame by Vehumet.
 13917 | D:11     | Reached XP level 12. HP: 53/71 MP: 18/22
 14250 | D:12     | Noticed Frances
 14262 | D:12     | Slain by Frances

Illustrated notes

Levels and vault maps discovered:
D:1:      erik_arrival_cave_to_civilisation [erik_arrival_cave_to_hall],
          layout_basic, kennysheep_crisscross, kennysheep_decorative_pillar,
          chequers_serial_rivers_micro_e, kennysheep_doodads
D:2:      layout_rooms, hellmonk_ecumenical_altar_arch_garden, uniq_sigmund
D:3:      layout_basic, lemuel_doored_altar
D:4:      minmay_diamond_boxcup, layout_basic
D:5:      layout_loops_ring, serial_shops, shop, minmay_misc_feat_pillars
D:6:      layout_basic, grunt_decor_one_mirror
D:7:      layout_rooms, nicolae_overflow_hidden_temple,
          kiku_gazebo_garden_becter, minmay_temple_entry_hall
D:8:      layout_basic, amcnicky_mini_rare_corridor_liquid, nicolae_the_louvre
D:9:      layout_basic, tgw_xom, gammafunk_temple_overflow_forgotten,
          minmay_misc_feat_hallway, minivault_10, kennysheep_generic_room_10
D:10:     regret_index_infernal_bastille, layout_gridville, hiddenorc2_lemuel
D:11:     layout_irregular_city, lair_entry_dummy, serial_shops,
          bzr_entry_customers
D:12:     layout_basic, uniq_frances
Temple:   eino_wide_crystal_templ

Skill      XL: |  1  2  3  4  5  6  7  8  9 10 11 |
---------------+----------------------------------+-----
Fighting       | 1 2 3 6 |  6.7
Earth Magic    | 4 5 6 7 9 |  9.9
Spellcasting   | 3 4 5 7 |  7.3
Conjurations   | 3 4 6 8 |  8.4
Evocations     | 2 |  2.0
Shields        | 1 5 8 9 |  9.0
Maces & Flails | 5 6 |  6.1
Translocations | 2 5 |  5.3
Dodging        | |  1.5
Stealth        | |  2.1

Action                     |  1- 3 |  4- 6 |  7- 9 | 10-12 || total
---------------------------+-------+-------+-------+-------++-------
  Melee: Whip              |       |    13 |       |       ||    13
         Morningstar       |       |       |    31 |       ||    31
         Flail             |       |       |    79 |   289 ||   368
   Cast: Sandblast         |    25 |    51 |   101 |    48 ||   225
         Stone Arrow       |       |     2 |    38 |    83 ||   123
         Iskenderun's Myst |       |       |       |     1 ||     1
  Evoke: Wand              |       |       |     2 |    21 ||    23
    Use: Scroll            |       |     1 |     6 |    20 ||    27
         Potion            |       |       |     1 |     8 ||     9
   Stab: Paralysed         |       |       |       |     2 ||     2
 Armour: Robe              |     6 |    22 |   146 |   280 ||   454
  Dodge: Dodged            |     4 |    12 |    93 |   162 ||   271
  Block: Kite shield       |       |       |   121 |   320 ||   441

Table legend: (Time is in decaauts)
 A = Elapsed time spent in this place.
 B = Non-inter-level travel time spent in this place.
 C = Inter-level travel time spent in this place.
 D = Time resting spent in this place.
 E = Time spent auto-exploring this place.
 F = Levels seen in this place.
 G = Mean time per level.
                   A        B        C        D        E       F      G
               +--------+--------+--------+--------+--------+-----+--------+
         Total |  14523 |  13821 |    702 |   2773 |   9032 |  14 | 1037.4 |
       Dungeon |  14369 |  13698 |    671 |   2773 |   8959 |  12 | 1197.4 |
        Temple |     32 |      1 |     31 |      0 |      0 |   1 |   32.0 |
        Bazaar |    121 |    121 |      0 |      0 |     73 |   1 |  121.0 |
               +--------+--------+--------+--------+--------+-----+--------+

Top non-repeatable levels by time:
    D:10: 2656 daAuts
     D:9: 1648 daAuts
     D:6: 1341 daAuts
     D:8: 1338 daAuts
     D:4: 1292 daAuts
    D:11: 1263 daAuts
     D:1: 1255 daAuts
     D:5: 1155 daAuts
     D:3: 974 daAuts
     D:2: 749 daAuts
     D:7: 553 daAuts
    D:12: 139 daAuts
  Bazaar: 121 daAuts
  Temple: 32 daAuts
